AoeStats
← eltetedehaedo

Arabia

509718467Analyzed
2v2 RM · 4d ago on Sep 27, 2026· 34m 14s· 4 players
Game mode
Random Map
Map size
Medium (4 player)
Population
200
Speed
Normal
Resources
Standard
Victory
Conquest
Starting age
Dark Age
Ending age
Imperial Age
RankedLock teamsTeams togetherTeam positionsShared explorationLock speedFull tech treeHidden civsTurbo modeCheats
Victory
Defeat
🇩🇪 Burmese · Germany
1171
+15
🇻🇳 Huns · Vietnam
1145
+16
🇦🇷 Tatars · Argentina
1153
-16
🇦🇷 Byzantines · Argentina
1125
-15
ricco
3:28 Loom
9:51 Feudal Age
13:25 Horse Collar
14:04 Scale Barding Armor
20:24 Castle Age
18:23 Gold Mining
20:00 Forging
20:09 Bloodlines
21:07 Husbandry
27:17 Chain Barding Armor
31:08 Wheelbarrow
30:22 Town Watch
33:22 Iron Casting
34:16 Heavy Plow
nguyen.tranchk32.dlu
2:01 Loom
10:56 Feudal Age
15:07 Castle Age
13:25 Double-Bit Axe
13:32 Horse Collar
29:13 Fletching
32:28 Bodkin Arrow
eltetedehaedo
7:05 Loom
9:32 Feudal Age
22:00 Castle Age
33:18 Fletching
rafa
7:15 Loom
9:11 Feudal Age
11:28 Double-Bit Axe
13:32 Forging
16:37 Scale Mail Armor
19:56 Horse Collar
24:18 Wheelbarrow
27:30 Castle Age
26:02 Fletching
Connection lost

Rejoining the realm…

Still unreachable

The connection could not be restored.

Session expired

The server has moved on; the page needs a fresh start.